 Dungeon Crawl Stone Soup version 0.28-a0-769-g550dbda0cd (webtiles) character file.

Game seed: 12788085457223329734

571 dolemite99 the Cleaver (level 7, -4/57 HPs)
             Began as a Hill Orc Fighter on Oct 31, 2021.
             Was a Follower of Yredelemnul.
             Slain by a gnoll sergeant (11 damage)
             ... on level 5 of the Dungeon.
             The game lasted 00:09:11 (5624 turns).

dolemite99 the Cleaver (Hill Orc Fighter)           Turns: 5624, Time: 00:09:12

Health: -4/57      AC: 10    Str: 21    XL:     7   Next: 34%
Magic:  7/7        EV:  7    Int:  8    God:    Yredelemnul [*.....]
Gold:   48         SH:  4    Dex: 10    Spells: 6/6 levels left

rFire   . . .      SeeInvis .   a - +1 war axe
rCold   . . .      Faith    .   c - +0 buckler
rNeg    . . .      Spirit   .   w - +0 chain mail
rPois   .          Reflect  .   v - +0 helmet
rElec   .          Harm     .   (no cloak)
rCorr   .          Rampage  .   (no gloves)
Will    .....                   (no boots)
Stlth   ..........              (no amulet)
HPRegen 0.19/turn               (no ring)
MPRegen 0.10/turn               (no ring)

@: about to teleport
A: no striking features
a: Renounce Religion, Animate Remains


You were on level 5 of the Dungeon.
You worshipped Yredelemnul.
Yredelemnul was aware of your devotion.
You visited 2 branches of the dungeon, and saw 7 of its levels.

You collected 261 gold pieces.
You spent 213 gold pieces at shops.

Inventory:

Hand Weapons
 a - a +1 war axe (weapon)
 j - a +2 dagger of draining
 s - a +3 dagger
 u - a +0 hunting sling
 B - a +0 spear of venom
Missiles
 d - 63 poisoned darts
 g - 94 stones
 t - 29 sling bullets
 y - 3 boomerangs (quivered)
 A - 3 throwing nets
Armour
 c - a +0 buckler (worn)
 m - a +0 kite shield
 v - a +0 helmet (worn)
 w - a +0 chain mail (worn)
Magical Staves
 f - a staff of conjuration
 k - a staff of poison
Jewellery
 x - a ring of fire
Scrolls
 e - a scroll of immolation
 n - 2 scrolls of teleportation
 o - a scroll of blinking {unknown}
 q - a scroll of magic mapping {unknown}
Potions
 b - 2 potions of degeneration {unknown}
 h - 2 potions of brilliance {unknown}
 i - a potion of magic
 l - 2 potions of cancellation
 p - a potion of flight
 r - 2 potions of heal wounds {unknown}
 z - a potion of lignification {unknown}


   Skills:
 - Level 3.6 Fighting
 + Level 10.3 Axes
 - Level 3.2 Armour
 - Level 3.2 Shields


You had 6 spell levels left.
You didn't know any spells.
Your spell library contained the following spells:

 Spells                   Type           Power      Damage    Failure   Level
 Sandblast                Erth           0%         2d4       99%         1
 Summon Small Mammal      Summ           0%         N/A       99%         1
 Passwall                 Tmut/Erth      0%         N/A       100%        2
 Call Canine Familiar     Summ           0%         N/A       100%        3
 Stone Arrow              Conj/Erth      0%         3d7       100%        3
 Summon Guardian Golem    Hex/Summ       0%         N/A       100%        3


Dungeon Overview and Level Annotations

Branches:
Dungeon (6/15)             Temple (1/1) D:4

Altars:
Dithmenos
Elyvilon
Fedhas
Gozag
Hepliaklqana
Kikubaaqudgha
Makhleb
Nemelex Xobeh
Ru
Sif Muna
Trog
Uskayaw
Vehumet
Wu Jian
Yredelemnul
Zin

Shops:
D:3 *


Message History

The gnoll sergeant is healed somewhat.
The gnoll sergeant hits you with a +0 war axe!
You slash the gnoll sergeant!
The gnoll sergeant is heavily wounded.
The gnoll sergeant closely misses you.
You hit the gnoll sergeant.
The gnoll sergeant is severely wounded.
The gnoll sergeant hits you but does no damage.
You hit the gnoll sergeant.
The gnoll sergeant is almost dead.
The gnoll sergeant barely misses you.
You closely miss the gnoll sergeant.
The gnoll sergeant is almost dead.
The gnoll sergeant hits you with a +0 war axe!
You hit the gnoll sergeant but do no damage.
The gnoll sergeant is almost dead.
The gnoll sergeant hits you with a +0 war axe.
The gnoll sergeant blocks your attack.
The gnoll sergeant is almost dead.
The gnoll sergeant hits you but does no damage.
You hit the gnoll sergeant but do no damage.
The gnoll sergeant is almost dead.
The gnoll sergeant hits you with a +0 war axe.
* * * LOW HITPOINT WARNING * * *
You barely miss the gnoll sergeant.
The gnoll sergeant is almost dead.
The gnoll sergeant hits you but does no damage.
Okay, then.
You aren't carrying any items that you can evoke.
Unknown command.
Okay, then.
You closely miss the gnoll sergeant.
The gnoll sergeant is almost dead.
The gnoll sergeant hits you with a +0 war axe!
* * * LOW HITPOINT WARNING * * *
As you read the scroll of teleportation, it crumbles to dust.
You feel strangely unstable.
The gnoll sergeant hits you with a +0 war axe!
You die...
Your body rises from the dead as a mindless zombie.

#
###################
#.................#
..................#
#....#########....#
#...## ##...# #..##
##..# ##.# #.## #.#
#@# ##.# #g# ##.#
'...' #g#
##.#####...#####÷#
...##.........##)#
...##....g....##÷#
...##....g....##.#
...##..[..... ##.##
.>..####..†####...#


You could see a gnoll sergeant and a gnoll shaman.

Vanquished Creatures
  A phantom (D:4)
  3 hounds (D:5)
  A centaur skeleton (D:4)
  2 jellies
  An iguana (D:4)
  A hound zombie (D:3)
  A hound skeleton (D:4)
  Robin (D:4)
  12 gnolls
  4 adders
  2 worms
  2 dart slugs
  An orc (D:5)
  3 bats
  7 endoplasms
  5 giant cockroaches (D:1)
  7 hobgoblins
  10 jackals
  4 kobolds
  3 quokkas
  8 ball pythons
  5 frilled lizards
  12 goblins
  6 rats
102 creatures vanquished.

Vanquished Creatures (others)
  6 fungi (D:2)
  6 plants (D:2)
12 creatures vanquished.

Grand Total: 114 creatures vanquished

Notes
Turn   | Place    | Note
-------+----------+-------------------------------------------
     0 | D:1      | dolemite99 the Hill Orc Fighter began the quest for the
                  | Orb.
     0 | D:1      | Reached XP level 1. HP: 19/19 MP: 1/1
    79 | D:1      | Reached skill level 3 in Axes
   123 | D:1      | Reached XP level 2. HP: 21/26 MP: 2/2
   292 | D:1      | Reached skill level 4 in Axes
   586 | D:1      | Upgraded the game from 0.28-a0-751-gef3a642a4e to
                  | 0.28-a0-769-g550dbda0cd
   586 | D:1      | Reached XP level 3. HP: 30/31 MP: 3/3
   968 | D:2      | Reached skill level 5 in Axes
  1065 | D:2      | Found a faded altar of an unknown god.
  1130 | D:2      | Reached XP level 4. HP: 22/39 MP: 4/4
  1497 | D:2      | Reached skill level 6 in Axes
  2374 | D:3      | Found Zehoma Gyly's Assorted Antiques.
  2389 | D:3      | Bought a scroll labelled JOLIRRA BUIRPHOWEE for 27 gold
                  | pieces
  2389 | D:3      | Bought a scroll labelled NACIOJAFIE for 27 gold pieces
  2389 | D:3      | Bought an inky potion for 24 gold pieces
  2437 | D:3      | Reached XP level 5. HP: 45/45 MP: 5/5
  2750 | D:4      | Noticed a phantom
  2755 | D:4      | Killed a phantom
  2756 | D:4      | Reached skill level 7 in Axes
  2822 | D:4      | Found a staircase to the Ecumenical Temple.
  2831 | Temple   | Entered the Ecumenical Temple
  2979 | Temple   | Became a worshipper of Yredelemnul the Dark
  3016 | D:4      | Reached skill level 8 in Axes
  3016 | D:4      | Reached XP level 6. HP: 51/51 MP: 6/6
  3130 | D:4      | Found a white marble altar of Elyvilon.
  3678 | D:4      | Noticed Robin
  3685 | D:4      | Killed Robin
  3927 | D:4      | Reached skill level 9 in Axes
  4283 | D:5      | Entered Level 5 of the Dungeon
  4283 | D:5      | Noticed a sky beast
  4437 | D:5      | Reached * piety under Yredelemnul
  4818 | D:5      | Found a radiant altar of Vehumet.
  4858 | D:3      | Bought a scratched pearl ring for 135 gold pieces
  5196 | D:5      | Reached XP level 7. HP: 52/57 MP: 7/7
  5276 | D:5      | Reached skill level 10 in Axes
  5624 | D:5      | Slain by a gnoll sergeant

Illustrated notes

Levels and vault maps discovered:
D:1:      evilmike_arrival_fibonacci_small, layout_rooms,
          wander_ebering_terrifying_dragon_lair
D:2:      layout_rooms, shapermc_ecumenical_altar_mp_urbaneastern
D:3:      layout_basic, serial_shops, nicolae_shop_overgrown_old_shop,
          due_unseen_surprise
D:4:      layout_basic, marbit_many_paths, minmay_temple_entry_mist, uniq_robin
D:5:      layout_cave_pools, lemuel_crystal_altar, mainiacjoe_overflow_catwalk,
          serial_gnoll_camp, gnoll_camp_mini_hut, gnoll_camp_medium_02,
          gnoll_camp_mini_hut, grums_kennel
D:6:      layout_gridville, grunt_temple_overflow_open,
          nicolae_ossuary_entry_monument
Temple:   eino_narrow_crystal_temple

Skill      XL: |  1  2  3  4  5  6  7 |
---------------+----------------------+-----
Axes           | 3 4 5 6 8 9 10 | 10.3
Fighting       | |  3.6
Armour         | |  3.2
Shields        | |  3.2

Action                   |  1- 3 |  4- 6 |  7- 9 || total
-------------------------+-------+-------+-------++-------
Melee: War axe           |    50 |    85 |    49 ||   184
       Dagger            |    37 |    82 |       ||   119
Throw: Stone             |    31 |     7 |       ||    38
       Dart              |       |    17 |       ||    17
  Use: Scroll            |       |     8 |     1 ||     9
       Potion            |       |     1 |       ||     1
Armor: Scale mail        |    28 |    55 |       ||    83
       Chain mail        |       |     1 |    23 ||    24
Dodge: Dodged            |    38 |    66 |    24 ||   128
Block: Buckler           |    10 |    35 |     9 ||    54

Table legend: (Time is in decaauts)
 A = Elapsed time spent in this place.
 B = Non-inter-level travel time spent in this place.
 C = Inter-level travel time spent in this place.
 D = Time resting spent in this place.
 E = Time spent auto-exploring this place.
 F = Levels seen in this place.
 G = Mean time per level.
                   A        B        C        D        E       F      G
               +--------+--------+--------+--------+--------+-----+--------+
         Total |   5655 |   5379 |    276 |   1964 |   2374 |   7 |  807.9 |
       Dungeon |   5499 |   5240 |    259 |   1964 |   2244 |   6 |  916.5 |
        Temple |    156 |    139 |     17 |      0 |    130 |   1 |  156.0 |
               +--------+--------+--------+--------+--------+-----+--------+

Top non-repeatable levels by time:
     D:4: 1539 daAuts
     D:2: 1301 daAuts
     D:3: 1030 daAuts
     D:5: 968 daAuts
     D:1: 658 daAuts
  Temple: 156 daAuts
     D:6: 1 daAuts
